Map: Alcyone LE

Players

DCHW - Winner!

  • Race: Terran Terran
  • League: Platinum
  • Spawn Location: 1:00

Neptune

  • Race: Zerg Zerg
  • League: Master
  • Spawn Location: 7:00

VOD

Have the link to the VOD?

Description

Time

  • Played on: Sept. 19, 2024, 4:26 p.m.
  • Length: 10:57
Show
View Real Time Build Order
Export as new Build Order

DCHW Terran - Winner!

Build Orders:  

Get SALT Encoding   

  12  0:00  SCV  
  13  0:13  SCV  
  14  0:18  Supply Depot  
  14  0:25  SCV  
  15  0:40  SCV  
  15  0:41  Barracks  
  16  0:44  Refinery  
  16  0:52  SCV  
  18  1:04  SCV  
  18  1:16  SCV  
  19  1:29  Orbital Command  
  19  1:33  Marine  
  20  1:43  Command Center  
  20  1:54  Barracks  
  20  1:56  Barracks Reactor  
  20  2:07  SCV  
  21  2:09  Supply Depot  
  21  2:19  SCV  
  22  2:25  Bunker  
  22  2:31  SCV  
  22  2:32  Factory  
  22  2:33  Marine  
  22  2:35  Marine  
  25  2:41  Refinery  
  25  2:45  Barracks Tech Lab  
  25  2:51  Marine  
  26  2:52  SCV  
  26  2:53  Marine  
  28  2:59  Supply Depot  
  28  3:06  Stimpack  
  28  3:07  Marine  
  29  3:22  Factory Reactor  
  29  3:24  Supply Depot  
  29  3:28  Orbital Command  
  29  3:32  Marine x2  
  31  3:34  Marine  
  32  3:44  Starport  
  32  3:49  Marine x2  
  32  3:55  SCV x2  
  36  4:03  Marine  
  36  4:07  Marine x2, SCV  
  40  4:18  Engineering Bay  
  40  4:32  SCV x2  
  40  4:37  Marine x3  
  40  4:38  Medivac x2  
  45  4:39  Supply Depot  
  45  4:44  SCV x2  
  51  4:49  Refinery  
  51  4:54  Marine, Combat Shield  
  51  4:55  Marine x2  
  54  5:00  SCV x2  
  54  5:04  Widow Mine  
  54  5:06  Supply Depot  
  58  5:13  Supply Depot  
  58  5:24  Marine x3, SCV  
  58  5:26  Terran Infantry Weapons Level 1  
  62  5:34  Barracks  
  62  5:35  Barracks  
  62  5:36  SCV  
  62  5:37  Barracks  
  62  5:38  Widow Mine  
  62  5:42  Marine  
  66  5:43  SCV  
  66  5:48  SCV  
  68  5:50  Starport Reactor  
  68  5:53  Marine  
  68  5:54  Marine  
  70  5:59  Marine  
  63  6:11  Marine x2  
  63  6:17  Marine  
  66  6:25  Barracks Reactor  
  66  6:29  Marine x2  
  66  6:31  Barracks Reactor  
  68  6:45  Factory Reactor  
  68  6:47  Medivac x2  
  68  6:48  Marine x4  
  68  6:49  Marauder  
  78  6:56  SCV  
  78  6:57  Supply Depot  
  78  6:58  SCV  
  80  7:06  Marine x4  
  84  7:10  Marauder  
  84  7:13  Supply Depot  
  86  7:18  Marine x4  
  86  7:19  SCV x2  
  86  7:20  Terran Infantry Armor Level 1  
  92  7:23  Widow Mine  
  94  7:35  Marine x5, Widow Mine  
  94  7:36  Marine  
  102  7:43  Supply Depot  
  102  7:44  Supply Depot  
  102  7:45  Supply Depot  
  102  7:46  Marine, SCV x2  
  102  7:47  Marine  
  106  7:51  Marine  
  106  7:52  Marine x3  
  110  7:59  Marine, SCV x2  
  110  8:00  Marauder  
  106  8:07  Marine x3  
  106  8:09  Marine  
  106  8:10  Marine x3  
  112  8:17  Marine  
  95  8:21  Marauder  
  95  8:25  Marine x2  
  97  8:29  Marine x3  
  97  8:30  Marine  
  97  8:31  Marine  
  99  8:34  Marine  
  99  8:40  Widow Mine x2  
  101  8:42  Marauder  
  101  8:43  Marine x2  
  102  8:49  Marine  
  102  8:50  Marine x4  
  107  9:01  Widow Mine x2  
  111  9:04  Marauder  
  113  9:15  Marine x2  
  113  9:16  Marine x3  
  96  9:23  Widow Mine  
  96  9:24  Marine x3  
  98  9:25  Marauder  
  103  9:33  Marine  
  103  9:38  Marine x4  
  103  9:42  Marine x3  
  108  9:46  Marauder  
  108  9:51  Marine  
  111  9:56  Marine x4  
  111  9:59  Marine  
  113  10:00  Marine x2  
  108  10:08  Marauder  
  108  10:09  Marine  
  108  10:13  Marine x2  
  108  10:14  Marine x2  
  113  10:17  Marine x3  
  114  10:25  Medivac x2  
  114  10:27  Marine  
  119  10:29  Marauder  
  119  10:31  Marine x2  
  119  10:32  Marine x2  
  119  10:35  Marine x3  
Show
View Real Time Build Order
Export as new Build Order

Neptune Zerg 

Build Orders: Hatch First 

Get SALT Encoding   

  12  0:03  Drone  
  13  0:14  Drone  
  13  0:19  Overlord  
  14  0:37  Drone x3  
  17  0:50  Drone  
  18  0:57  Hatchery  
  18  1:02  Drone  
  18  1:15  Extractor  
  17  1:20  Drone  
  17  1:22  Drone  
  17  1:25  Spawning Pool  
  18  1:32  Drone  
  19  1:43  Drone  
  20  1:54  Drone  
  21  2:04  Overlord  
  21  2:14  Queen x2  
  25  2:20  Drone x3  
  28  2:23  Metabolic Boost  
  28  2:25  Drone  
  29  2:32  Drone  
  30  2:39  Drone  
  31  2:47  Drone x2  
  33  2:52  Hatchery  
  32  3:01  Pneumatized Carapace  
  32  3:02  Drone x2  
  32  3:04  Drone  
  35  3:08  Overlord  
  35  3:26  Queen  
  37  3:32  Baneling Nest, Drone x6  
  42  3:36  Overlord  
  42  3:56  Extractor  
  42  3:58  Extractor x2  
  42  4:00  Lair  
  42  4:01  Drone x5  
  44  4:11  Drone x2  
  46  4:29  Zergling x16  
  54  5:00  Centrifugal Hooks  
  54  5:13  Overseer  
  54  5:15  Spore Crawler  
  54  5:16  Spore Crawler  
  54  5:19  Drone x6  
  58  5:23  Spore Crawler  
  58  5:25  Spore Crawler  
  56  5:35  Drone x2  
  58  5:44  Hatchery  
  58  5:47  Hatchery  
  56  5:56  Zergling x4  
  57  6:04  Zergling x16  
  58  6:23  Overlord x13  
  57  6:47  Baneling x8  
  57  6:48  Drone x6  
  57  6:49  Drone  
  64  6:55  Evolution Chamber  
  64  6:56  Evolution Chamber  
  64  6:57  Evolution Chamber  
  61  7:27  Drone x12  
  61  7:28  Drone x3  
  61  7:29  Zerg Missile Weapons Level 1, Zerg Melee Weapons Level 1, Zerg Ground Armor Level 1  
  76  7:33  Drone  
  77  7:48  Extractor, Hatchery  
  77  7:49  Hatchery  
  77  7:50  Extractor  
  73  7:53  Baneling x10  
  73  8:02  Zergling x28  
  83  8:07  Zergling x2  
  82  8:17  Zergling x10  
  78  8:31  Zergling x10  
  76  8:37  Zergling x8  
  73  8:47  Zergling x10  
  57  8:52  Baneling x10  
  57  8:55  Overseer  
  57  8:56  Zergling x8  
  50  9:14  Zergling x8  
  50  9:15  Zergling x2  
  50  9:16  Baneling x2  
  48  9:18  Baneling x4  
  48  9:19  Zergling x6  
  48  9:23  Zergling x2  
  50  9:28  Zergling x6  
  51  9:36  Queen  
  51  9:40  Baneling x6  
  47  9:48  Zergling x10  
  47  9:52  Baneling x4  
  50  10:03  Zergling x12  
  42  10:18  Zergling x6  
  41  10:23  Baneling x4  
  36  10:28  Zergling x6  
Tags
 
Matchup
TvZ
Spawn Locations
Cross Positions
Add a new tag
Caveats
  • Supply blocks, unpowered buildings, or Contaminate may cause inaccurate times.
  • Supply counts are checked every 10 seconds.